 Dungeon Crawl Stone Soup version 0.28-a0-233-gb8ca4b6547 (webtiles) character file.

Game seed: 12071420550094086357

48 willcat the Sneak (level 4, -6/42 HPs)
             Began as a Kobold Delver on Aug 23, 2021.
             Mangled by Duvessa (13 damage)
             ... on level 5 of the Dungeon.
             The game lasted 00:00:16 (65 turns).

willcat the Sneak (Kobold Delver)                     Turns: 65, Time: 00:00:17

Health: -6/42      AC: 22    Str:  9    XL:     4   Next: 0%
Magic:  4/4        EV:  3    Int: 11    God:
Gold:   7          SH:  0    Dex: 17    Spells: 3/3 levels left

rFire   . . .      SeeInvis .   a - +0 short sword
rCold   . . .      Faith    .   (shield restricted)
rNeg    + + +      Spirit   .   (armour currently unavailable)
rPois   +          Reflect  .   (helmet currently unavailable)
rElec   .          Harm     .   (cloak currently unavailable)
rCorr   .          Rampage  .   (gloves currently unavailable)
Will    .....      NoTele   +   (boots currently unavailable)
Stlth   +++++.....              (no amulet)
HPRegen 0.14/turn               (no ring)
MPRegen 0.09/turn               (no ring)

@: lethally poisoned (-6 -> -18), tree-form
A: stationary, stasis, torment immunity, boosted hp, small, no large weapons,
nightstalker 3
a: no special abilities


You were on level 5 of the Dungeon.
You were a tree.
You visited 1 branch of the dungeon, and saw 1 of its levels.

You collected 7 gold pieces.

Inventory:

Hand Weapons
 a - a +0 short sword (weapon)
Armour
 b - a +0 leather armour (melded)
Wands
 g - a wand of digging (3)
Scrolls
 c - a scroll of fog
 d - a scroll of magic mapping
 e - a scroll of fear
Potions
 f - a potion of haste


   Skills:
 - Level 3.2 Fighting
 + Level 3.7 Short Blades
 + Level 3.4 Dodging
 + Level 7.2 Stealth


You had 3 spell levels left.
You didn't know any spells.
Your spell library was empty.

Dungeon Overview and Level Annotations

Branches:
Dungeon (5/15)
 Temple: D:4-7

Altars:

Annotations:
D:5 Duvessa


Innate Abilities, Weirdness & Mutations

You are a tree.
Your roots penetrate the ground, keeping you stationary.
You cannot be teleported.
You are immune to unholy pain and torment.
Your maximum health is greatly increased.
Your equipment is partially melded.
You are small and have problems with some larger weapons.
You are completely attuned to the shadows.


Message History

You impale Dowan!!
You kill Dowan!
Duvessa screams, "No!
How DARE you!"
Duvessa goes berserk!
Your Short Blades skill increases to level 3!
Your Dodging skill increases to level 3!
Your Stealth skill increases to level 7!
You have reached level 2!
You have reached level 3!
Your experience leads to an increase in your attributes!
Increase (S)trength, (I)ntelligence, or (D)exterity?
You feel agile.
You have reached level 4!
It was a potion of lignification.
You turn into a tree.
Your +0 leather armour melds into your body.
Your roots penetrate the ground.
Okay, then.
Duvessa hits you with a +2 short sword of venom.
You are poisoned.
You hit Duvessa but do no damage.
You feel very sick. Duvessa hits you but does no damage.
You barely miss Duvessa.
You feel sick.
Duvessa hits you with a +2 short sword of venom!
You are more poisoned.
Duvessa hits you but does no damage.
You hit Duvessa but do no damage.
You feel very sick. Duvessa hits you but does no damage.
You hit Duvessa but do no damage.
You feel very sick.
Duvessa hits you with a +2 short sword of venom.
* * * LOW HITPOINT WARNING * * *
Duvessa hits you with a +2 short sword of venom.
* * * LOW HITPOINT WARNING * * *
You hit Duvessa but do no damage.
* * * LOW HITPOINT WARNING * * *
You feel very sick.
Duvessa hits you with a +2 short sword of venom!
You die...

#........
.......$.
.........
...)e..<.
.....♣....
.........[
..........
####
#.......##
#..## ###..###
#...# #.##
##..## ##.#
#....### #..#
##.....###.###


You could see Duvessa (berserk).

Vanquished Creatures
  Dowan (D:5)
1 creature vanquished.

Notes
Turn   | Place    | Note
-------+----------+-------------------------------------------
     0 | D:5      | willcat the Kobold Delver began the quest for the Orb.
     0 | D:5      | Reached XP level 1. HP: 14/14 MP: 1/1
    54 | D:5      | Noticed Dowan
    57 | D:5      | Noticed Duvessa
    58 | D:5      | Killed Dowan
    59 | D:5      | Reached skill level 7 in Stealth
    59 | D:5      | Reached XP level 2. HP: 19/19 MP: 2/2
    59 | D:5      | Reached XP level 3. HP: 23/23 MP: 3/3
    59 | D:5      | Reached XP level 4. HP: 28/28 MP: 4/4
    65 | D:5      | Mangled by Duvessa

Illustrated notes

Levels and vault maps discovered:
D:5:      layout_cave_pods, nemelex_spade_bored_becter,
          mainiacjoe_overflow_boulevard, nicolae_elyvilon_peaceful_grove,
          portal_sewer_entry_b, supply_closet_lemuel, uniq_duvessa

Skill      XL: |  1 |
---------------+----+-----
Short Blades   | 3 |  3.7
Dodging        | 3 |  3.4
Stealth        | 7 |  7.2
Fighting       | |  3.2

Action                   |  1- 3 |  4- 6 || total
-------------------------+-------+-------++-------
Melee: Short sword       |     1 |     5 ||     6
  Use: Potion            |       |     1 ||     1
 Stab: Sleeping          |     1 |       ||     1
Armor: Skin              |       |     3 ||     3

Table legend: (Time is in decaauts)
 A = Elapsed time spent in this place.
 B = Non-inter-level travel time spent in this place.
 C = Inter-level travel time spent in this place.
 D = Time resting spent in this place.
 E = Time spent auto-exploring this place.
 F = Levels seen in this place.
 G = Mean time per level.
                   A        B        C        D        E       F      G
               +--------+--------+--------+--------+--------+-----+--------+
         Total |     64 |     64 |      0 |      0 |     51 |   1 |   64.0 |
       Dungeon |     64 |     64 |      0 |      0 |     51 |   1 |   64.0 |
               +--------+--------+--------+--------+--------+-----+--------+

Top non-repeatable levels by time:
     D:5: 64 daAuts
